 Dungeon Crawl Stone Soup version 0.28.0-47-ge53b351184 (webtiles) character file.

Game seed: 15509447388157950702

1557 Descartes the Covert (level 8, -3/37 HPs)
             Began as a Felid Delver on May 4, 2022.
             Was an Initiate of Gozag.
             Slain by an unseen horror (7 damage)
             ... on level 6 of the Dungeon.
             The game lasted 00:15:08 (9077 turns).

Descartes the Covert (Felid Delver)                 Turns: 9077, Time: 00:15:11

Health: -3/37      AC:  2    Str: 12    XL:     8   Next: 58%
Magic:  4/9        EV: 21    Int: 12    God:    Gozag
Gold:   164        SH:  5    Dex: 17    Spells: 4/7 levels left
                                        Lives:  0   Deaths: 2

rFire   + + .      SeeInvis +     - Unarmed
rCold   . . .      Faith    .   (shield unavailable)
rNeg    . . .      Spirit   .   (armour unavailable)
rPois   .          Reflect  +   (helmet unavailable)
rElec   .          Harm     .   (cloak unavailable)
rCorr   .          Rampage  .   (gloves unavailable)
Will    +++..                   (boots unavailable)
Stlth   ++++......              g - amulet of reflection
HPRegen 0.12/turn               n - ring of protection from fire
MPRegen 0.11/turn               y - ring of willpower

@: very slightly contaminated, quick
A: very small, claws 1, fangs 3, see invisible, speed 1, shaggy fur 2, stealthy
paws, no weapons or thrown items, no armour, multi-lived, fire resistance 1,
strong-willed 1, strong 1
a: Renounce Religion, Potion Petition, Call Merchant, Bribe Branch


You were on level 6 of the Dungeon.
You worshipped Gozag.
Gozag was aware of your devotion.
You visited 2 branches of the dungeon, and saw 8 of its levels.

You collected 820 gold pieces.
You paid 656 gold pieces to Gozag.

Inventory:

Missiles
 j - 249 stones
Jewellery
 g - an amulet of reflection (around neck)
 n - a ring of protection from fire (left paw)
 o - a ring of poison resistance
 t - a ring of positive energy
 y - a ring of willpower (right paw)
 B - an amulet of magic regeneration
Wands
 e - a wand of digging (3)
 f - a wand of charming (2)
 v - a wand of iceblast (12)
Scrolls
 a - 2 scrolls of fog
 b - 2 scrolls of magic mapping
 c - 3 scrolls of fear
 m - a scroll of torment
 q - 4 scrolls of teleportation
 r - a scroll of amnesia {unknown}
 u - 4 scrolls of blinking
Potions
 d - 4 potions of haste
 h - 3 potions of mutation
 i - a potion of brilliance {unknown}
 k - a potion of cancellation {unknown}
 l - 2 potions of curing
 p - 2 potions of might {unknown}
 s - a potion of lignification {unknown}
 A - a potion of berserk rage {unknown}
 C - a potion of heal wounds {unknown}


   Skills:
 - Level 5.0 Fighting
 + Level 6.7 Dodging
 + Level 9.4 Stealth
 + Level 5.1 Unarmed Combat
 + Level 5.0 Hexes
 + Level 4.5 Translocations
 + Level 3.5 Transmutations
 + Level 4.8 Evocations


You had 4 spell levels left.
You knew the following spells:

 Your Spells              Type           Power      Damage    Failure   Level
a - Confusing Touch       Hex            12%        N/A       12%         3

Your spell library contained the following spells:

 Spells                   Type           Power      Damage    Failure   Level
 Ensorcelled Hibernation  Hex/Ice        12%        N/A       19%         2
 Spider Form              Tmut/Pois      4%         N/A       43%         3
 Corpse Rot               Necr/Air       0%         N/A       45%         2
 Anguish                  Hex/Necr       3%         N/A       75%         4
 Dispel Undead            Necr           0%         3d6       97%         4
 Yara's Violent Unravell  Hex/Tmut       5%         3d4       85%         5
 Death Channel            Necr           0%         N/A       100%        6
 Enfeeble                 Hex            6%         N/A       100%        7


Dungeon Overview and Level Annotations

Branches:
Dungeon (7/15)             Temple (1/1) D:5

Altars:
Ashenzari
Cheibriados
Dithmenos
Elyvilon
Fedhas
Gozag
Hepliaklqana
Kikubaaqudgha
Makhleb
Nemelex Xobeh
Okawaru
Qazlal
Ru
Sif Muna
Trog
Uskayaw
Vehumet
Wu Jian
Xom
Yredelemnul
Zin
The Shining One

Shops:
D:4 *

Annotations:
D:3 Terence


Innate Abilities, Weirdness & Mutations

You have sharp claws.
You have razor-sharp teeth.
You have supernaturally acute eyesight. (SInv)
You cover ground quickly. (Speed+)
You are covered in thick fur. (AC +2)
Your paws help you pounce on unaware monsters.
You are incapable of wielding weapons or throwing items.
You cannot wear armour.
You gain extra lives every three experience levels.
Your flesh is heat resistant. (rF+)
You are strong-willed. (Will+)
Your muscles are strong. (Str +2)


Message History

You block the unseen horror's attack.
You scratch the unseen horror but do no damage.
The unseen horror hits you!
You scratch the unseen horror but do no damage.
The unseen horror closely misses you.
The orc priest shouts!
You scratch the unseen horror but do no damage.
Your bite misses the unseen horror.
You hear a shout!
The unseen horror hits you!
The unseen horror completely misses you.
The orc priest invokes the aid of Beogh against you.
Beogh smites you!
* * * LOW HITPOINT WARNING * * *
There is a stone staircase leading up, spattered with blood here.
The unseen horror hits you.
* * * LOW HITPOINT WARNING * * *
You climb upwards.
There is a stone staircase leading down, spattered with blood here.
You scratch the unseen horror but do no damage.
The unseen horror appears confused.
You are too injured to fight recklessly!
You scratch the unseen horror.
The unseen horror is lightly wounded.
The unseen horror hits itself.
You scratch the unseen horror but do no damage.
The unseen horror is lightly wounded.
The unseen horror hits you.
* * * LOW HITPOINT WARNING * * *
You scratch the unseen horror.
The unseen horror is lightly wounded.
The unseen horror hits you.
* * * LOW HITPOINT WARNING * * *
Casting: Confusing Touch (dangerous; 12% risk of failure)
Confirm with . or Enter, or press ? or * to list all spells.
You miscast Confusing Touch.
You are very lightly contaminated with residual magic.
Nothing appears to happen.
The unseen horror hits you!
You die...
Your body crumbles into a pile of gold.

#....#.# #.......###
#......########.##......#
#......##.....#.##.>#.#.#
#.#######.....#.##....#.#
#.## #.....#.###.#.#)#
#..# #....)#.###.#.#.#
##.# #....)#.........#
#.# ###..>...####.### #.#
####.@.!..# #.# #.#
#.(.x...#.####.# #.#
#.##.#.........#
#.#####.##.#..#.######
#.##)[..........# #####
######....##.##......#
#..).
....########.##.##.###
#####.#.. ###.# #.......#
###.......# #.# ###...###
#.......###


You could see an unseen horror (invisible, confused).

Vanquished Creatures
  Pikel (D:3)
  A troll (D:6)
  Sigmund (D:3)
  A steam dragon (D:4)
  An ice beast (D:6)
  A black bear (D:5)
  2 ogres
  A centaur (D:6)
  A howler monkey (D:6)
  A bullfrog zombie (D:5)
  A centaur skeleton (D:5)
  A hound (D:4)
  A centaur zombie (D:6)
  A jelly (D:5)
  2 iguanas (D:6)
  Jessica (D:3)
  2 bullfrog skeletons
  An orc wizard (D:5)
  A mummy (D:5)
  2 howler monkey zombies
  3 gnolls (D:4)
  6 adders
  A white imp (D:3)
  An ufetubus (D:6)
  3 worms
  4 dart slugs
  13 orcs
  3 endoplasms
  3 giant cockroaches
  5 hobgoblins
  3 jackals (D:1)
  2 quokkas
  7 ball pythons
  3 bats
  3 frilled lizards
  3 goblins
  5 kobolds
  2 kobold zombies (D:5)
  2 orc zombies (D:5)
  3 rats
99 creatures vanquished.

Vanquished Creatures (collateral kills)
  Eustachio (D:4)
1 creature vanquished.

Grand Total: 100 creatures vanquished

Notes
Turn   | Place    | Note
-------+----------+-------------------------------------------
     0 | D:5      | Descartes the Felid Delver began the quest for the Orb.
     0 | D:5      | Reached XP level 1. HP: 10/10 MP: 2/2
   150 | D:5      | Reached skill level 1 in Evocations
   150 | D:5      | Reached XP level 2. HP: 6/14 MP: 3/3
   150 | D:5      | Reached XP level 3. HP: 7/17 MP: 4/4
   414 | D:5      | Reached skill level 7 in Stealth
   414 | D:5      | Reached XP level 4. HP: 16/21 MP: 5/5
   523 | D:5      | Found a glowing silver altar of Zin.
   620 | D:5      | Noticed a black bear
   691 | D:5      | HP: 1/21 [orc/+0 short sword (1)]
  1366 | D:5      | Reached XP level 5. HP: 15/25 MP: 6/6
  2157 | D:4      | Found Yled's General Store.
  2442 | D:5      | Found a staircase to the Ecumenical Temple.
  2451 | Temple   | Entered the Ecumenical Temple
  2521 | Temple   | Became a worshipper of Gozag Ym Sagoz the Greedy
  2554 | D:5      | Noticed an ogre
  2561 | D:5      | Killed an ogre
  2637 | D:5      | Gained mutation: You are covered in thick fur. (AC +2)
                  | [Felid growth]
  2637 | D:5      | Reached XP level 6. HP: 28/28 MP: 7/7
  2656 | D:5      | Noticed Pikel
  2891 | D:4      | Identified the +7 quarterstaff "Idyxkad" {speed, Fragile
                  | rElec rPois Str+5}
  3003 | D:4      | Noticed a steam dragon
  3011 | D:4      | HP: 1/28 [steam dragon (2)]
  3011 | D:4      | Noticed Eustachio
  3018 | D:4      | Slain by Eustachio
  3019 | D:4      | Reached XP level 5. HP: -2/25 MP: 6/6
  3028 | D:4      | Killed Eustachio
  3029 | D:4      | Reached skill level 5 in Dodging
  3029 | D:4      | Reached skill level 8 in Stealth
  3029 | D:4      | Reached XP level 6. HP: 29/29 MP: 7/7
  3554 | D:3      | Noticed Terence
  4178 | D:3      | Noticed Sigmund
  4412 | D:1      | Found a faded altar of an unknown god.
  5211 | D:3      | Noticed Jessica
  5239 | D:3      | Killed Jessica
  5488 | D:3      | Killed Sigmund
  5489 | D:3      | Reached skill level 1 in Hexes
  5489 | D:3      | Reached skill level 1 in Translocations
  5489 | D:3      | Reached skill level 1 in Transmutations
  5489 | D:3      | Reached XP level 7. HP: 31/33 MP: 8/8
  5770 | D:4      | Gained mutation: Your flesh is heat resistant. (rF+)
                  | [potion of mutation]
  5770 | D:4      | Gained mutation: You are strong-willed. (Will+) [potion of
                  | mutation]
  5770 | D:4      | Gained mutation: Your muscles are strong. (Str +2) [potion
                  | of mutation]
  5797 | D:4      | HP: 1/33 [steam dragon/ball of steam (7)]
  5809 | D:4      | Killed a steam dragon
  6296 | D:3      | Mangled by Pikel
  6297 | D:3      | Reached XP level 6. HP: -7/30 MP: 7/7
  6358 | D:3      | Killed Pikel
  6359 | D:3      | Reached skill level 5 in Fighting
  6359 | D:3      | Reached XP level 7. HP: 22/33 MP: 8/8
  6541 | D:5      | Reached skill level 9 in Stealth
  7113 | D:6      | Reached XP level 8. HP: 26/37 MP: 9/9
  8267 | D:7      | Noticed a troll
  8561 | D:6      | Killed a troll
  8562 | D:6      | Reached skill level 5 in Unarmed Combat
  8562 | D:6      | Reached skill level 5 in Hexes
  8568 | D:6      | Learned a level 3 spell: Confusing Touch
  8591 | D:7      | Noticed an unseen horror
  9077 | D:6      | Slain by an unseen horror

Illustrated notes

Levels and vault maps discovered:
D:1:      dpeg_arrival_orchard, layout_loops_ring, basic_ecumenical_altar
D:2:      layout_rooms
D:3:      layout_basic, uniq_terence, uniq_jessica, uniq_sigmund
D:4:      layout_loops_ring, serial_shops, nicolae_shop_stone, uniq_eustachio
D:5:      layout_layer_cave, kennysheep_little_box, minmay_temple_entry_trees,
          amethyst_killhole, minmay_mini_ossuary, uniq_pikel
D:6:      layout_loops_cross
D:7:      layout_rooms, kennysheep_crisscross
Temple:   grunt_wide_crystal_templ

Skill      XL: |  1  2  3  4  5  6  7  8 |
---------------+-------------------------+-----
Dodging        | 3 5 6 |  6.7
Evocations     | 1 2 4 |  4.8
Stealth        | 7 8 9 |  9.4
Unarmed Combat | 3 4 5 |  5.1
Fighting       | 4 5 |  5.0
Hexes          | 4 2 5 |  5.0
Translocations | 3 2 4 |  4.5
Transmutations | 2 3 |  3.5

Action                   |  1- 3 |  4- 6 |  7- 9 || total
-------------------------+-------+-------+-------++-------
Melee: Unarmed           |    13 |   229 |   176 ||   418
       Bite              |     1 |    31 |    22 ||    54
       Punch             |       |     3 |     4 ||     7
 Cast: Confusing Touch   |       |       |     1 ||     1
Invok: Potion Petition   |       |     1 |     1 ||     2
Evoke: Wand              |       |     1 |       ||     1
  Use: Scroll            |       |       |     8 ||     8
       Potion            |       |       |     2 ||     2
 Stab: Sleeping          |     2 |    14 |     5 ||    21
       Distracted        |       |       |     2 ||     2
       Invisible         |       |       |     1 ||     1
Armor: Skin              |     1 |    12 |    13 ||    26
Dodge: Dodged            |    15 |   176 |   162 ||   353
Block: Other             |       |       |    17 ||    17
